 Dungeon Crawl Stone Soup version 0.20.1-1-g8b1a95d (webtiles) character file.

32 ANON1729 the Conjurer (level 3, 0/19 HPs)
             Began as a Tengu Conjurer on July 20, 2017.
             Succumbed to an adder's poison
             ... on level 1 of the Dungeon.
             The game lasted 00:08:20 (728 turns).

ANON1729 the Conjurer (Tengu Conjurer)               Turns: 728, Time: 00:08:21

Health: 0/19       AC:  2    Str:  8    XL:     3   Next: 27%
Magic:  1/7        EV: 18    Int: 16    God:
Gold:   22         SH:  0    Dex: 19    Spells: 4/7 levels left

rFire    . . .     SeeInvis .   f - +0 dagger
rCold    . . .     Gourm    .   (no shield)
rNeg     . . .     Faith    .   a - +0 robe
rPois    .         Spirit   .   (helmet restricted)
rElec    .         Reflect  .   (no cloak)
rCorr    .         Harm     .   (no gloves)
MR       .....                  (boots unavailable)
Stlth    +++.......             (no amulet)
Regen    0.1/turn               (no ring)
MPRegen  0.1/turn               (no ring)

@: agile, lethally poisoned (0 -> -8), very slightly contaminated
A: beak, talons 3
a: no special abilities


You were on level 1 of the Dungeon.
You were not hungry.

You visited 1 branch of the dungeon, and saw 1 of its levels.

You collected 22 gold pieces.

Inventory:

Hand Weapons
 f - a +0 dagger (weapon)
Armour
 a - a +0 robe (worn)
Jewellery
 j - an uncursed ring of wizardry {unknown}
Scrolls
 g - a scroll of recharging
 h - 3 scrolls of fog
Books
 b - a book of Conjurations

   Spells                             Type                      Level
   a - Magic Dart                     Conjuration                  1
   b - Searing Ray                    Conjuration                  2
   c - Dazzling Spray                 Conjuration/Hexes            3
   d - Fulminant Prism                Conjuration/Hexes            4
   e - Force Lance                    Conjuration/Translocation    4
   f - Iskenderun's Mystic Blast      Conjuration                  4
Comestibles
 c - a bread ration
 d - a chunk of flesh


   Skills:
 - Level 2.2 Dodging
 - Level 2.1 Stealth
 + Level 2.5 Spellcasting
 + Level 6.1 Conjurations


You had 4 spell levels left.
You knew the following spells:

 Your Spells              Type           Power        Failure   Level  Hunger
a - Magic Dart            Conj           ###.         1%          1    #......
b - Searing Ray           Conj           ###...       2%          2    ##.....


Dungeon Overview and Level Annotations

Branches:
Dungeon (1/15)

Altars:
Nemelex Xobeh


Innate Abilities, Weirdness & Mutations

You have a beak for a mouth.
You have claws for feet.


Message History

You aren't carrying any rechargeable items.
* * * LOW HITPOINT WARNING * * *
You feel sick.
As you read the scroll labeled BELUVO QIUTI, it crumbles to dust.
It is a scroll of identify.
h - 3 scrolls of fog Blink to where?
Press: ? - help, Dir - move target cursor You are very lightly contaminated with residual magic.
As you read the scroll labeled OGEKHYU VAIF, it crumbles to dust.
It was a scroll of blinking.
* * * LOW HITPOINT WARNING * * *
You feel sick.
Unknown command.
As you read the scroll labeled VAASOXOYBRA, it crumbles to dust.
The dust glows shimmering scarlet!
It was a scroll of random uselessness.
* * * LOW HITPOINT WARNING * * *
You feel sick.
There is a lethal amount of poison in your body!
You die...

...##### #........# ...# #.#
#........# >..# #.#
#.†......# #####
...###.######.##########...#
..........................(#
..#.....####.....#######...#
.##.....####.#............##
.........#.....#.##########
.##............#@#
..#..........(.#.#
...............#.#
...............#.#
#..............#.#
#................##
...........÷...#..#######
..#.....................#
###.........S.###.......#


There were no monsters in sight!

Vanquished Creatures
  An adder (D:1)
  A dart slug (D:1)
  A leopard gecko (D:1)
  2 bats (D:1)
  A goblin (D:1)
  4 hobgoblins (D:1)
  4 jackals (D:1)
  2 kobolds (D:1)
  4 rats (D:1)
20 creatures vanquished.

Notes
Turn   | Place    | Note
-------+----------+-------------------------------------------
     0 | D:1      | ANON1729 the Tengu Conjurer began the quest for the Orb.
     0 | D:1      | Reached XP level 1. HP: 10/10 MP: 4/4
   290 | D:1      | Reached XP level 2. HP: 15/15 MP: 0/6
   294 | D:1      | Learned a level 2 spell: Searing Ray
   606 | D:1      | Found a sparkling altar of Nemelex Xobeh.
   705 | D:1      | Reached XP level 3. HP: 2/19 MP: 0/7
   721 | D:1      | Reached skill level 6 in Conjurations
   728 | D:1      | Succumbed to an adder's poison

Skill      XL: |  1  2  3 |
---------------+----------+-----
Conjurations   | 6 |  6.1
Dodging        | |  2.2
Stealth        | |  2.1
Spellcasting   | |  2.5

Action                   || total
-------------------------++-------
Melee: Unarmed           ||    22
       Peck              ||     5
       Kick              ||     4
       Dagger            ||     2
 Cast: Magic Dart        ||    32
       Searing Ray       ||     2
  Use: Scroll            ||     4
       Potion            ||     2
Armor: Robe              ||     3
Dodge: Dodged            ||    25
